 Dungeon Crawl Stone Soup version 0.28.0-45-g0d030f2227 (webtiles) character file.

Game seed: 18133777375812441999

1377 hawla the Stinger (level 8, -3/91 HPs)
             Began as a Yellow Draconian Venom Mage on Apr 24, 2022.
             Was an Initiate of Vehumet.
             Slain by Duvessa
             ... wielding a +0 short sword
              (8 damage)
             ... on level 5 of the Dungeon on Apr 25, 2022.
             The game lasted 00:22:17 (7166 turns).

hawla the Stinger (Yellow Draconian Venom Mage)     Turns: 7166, Time: 00:22:18

Health: -3/91      AC:  9    Str: 11    XL:     8   Next: 39%
Magic:  5/15       EV: 12    Int: 18    God:    Vehumet [......]
Gold:   241        SH:  0    Dex: 11    Spells: 10/17 levels left

rFire   . . .      SeeInvis .   d - +0 trident
rCold   . . .      Faith    .   (no shield)
rNeg    . . .      Spirit   .   (armour unavailable)
rPois   .          Reflect  .   (helmet restricted)
rElec   .          Harm     .   (no cloak)
rCorr   +          Rampage  .   (no gloves)
Will    .....                   g - +2 pair of boots
Stlth   ..........              (no amulet)
HPRegen 0.25/turn               (no ring)
MPRegen 0.14/turn               (no ring)

@: berserking, very quick
A: spit acid, AC +6, unfitting armour, cold-blooded, acid resistance
a: Breathe Acid, Renounce Religion


You were on level 5 of the Dungeon.
You worshipped Vehumet.
Vehumet was noncommittal.
You visited 2 branches of the dungeon, and saw 6 of its levels.

You collected 241 gold pieces.

Inventory:

Hand Weapons
 d - a +0 trident (weapon)
 k - the +3 dagger of Fate {speed, rN+ Will++ SInv}
   (You found it on level 3 of the Dungeon)

   Attacks with this weapon are significantly faster.
   rN:        It protects you from negative energy.
   SInv:      It lets you see invisible.
   Will:      It greatly increases your willpower.
Missiles
 b - 5 javelins
 c - 10 poisoned darts
 h - 16 boomerangs (quivered)
Armour
 g - a +2 pair of boots (worn)
Jewellery
 e - a +6 ring of strength
 o - a ring of wizardry
Scrolls
 a - a scroll of enchant weapon
 f - a scroll of holy word
 i - 3 scrolls of identify
 l - 2 scrolls of teleportation {unknown}
Potions
 j - a potion of lignification
 m - a potion of cancellation


   Skills:
 - Level 2.0 Fighting
 + Level 6.0 Polearms
 - Level 1.0 Throwing
 - Level 2.6 Dodging
 - Level 2.2 Stealth
 - Level 5.0 Spellcasting
 - Level 1.0 Transmutations
 - Level 1.0 Air Magic
 - Level 6.0 Poison Magic


You had 10 spell levels left.
You knew the following spells:

 Your Spells              Type           Power      Damage    Failure   Level
a - Sting                 Tmut/Pois      68%        1d6       3%          1
b - Poisonous Vapours     Pois/Air       34%        N/A       4%          2
c - Olgreb's Toxic Radia  Pois           26%        N/A       11%         4

Your spell library contained the following spells:

 Spells                   Type           Power      Damage    Failure   Level
 Spider Form              Tmut/Pois      17%        N/A       10%         3
 Mephitic Cloud           Conj/Pois/Air  12%        N/A       16%         3
 Ensorcelled Hibernation  Hex/Ice        8%         N/A       21%         2
 Anguish                  Hex/Necr       2%         N/A       78%         4


Dungeon Overview and Level Annotations

Branches:
Dungeon (5/15)             Temple (1/1) D:5

Altars:
Ashenzari
Cheibriados
Elyvilon
Fedhas
Hepliaklqana
Kikubaaqudgha
Nemelex Xobeh
Okawaru
Qazlal
Sif Muna
Uskayaw
Vehumet
Zin

Shops:
D:2 (

Annotations:
D:5 Duvessa


Innate Abilities, Weirdness & Mutations

You can spit globs of acid.
Your golden yellow scales are hard. (AC +6)
You cannot fit into any form of body armour.
You are cold-blooded and may be slowed by cold attacks.
You are resistant to acid. (rCorr)


Message History

Duvessa is heavily wounded.
Duvessa hits you with a +0 short sword!
Eustachio casts a spell.
Eustachio blinks!
Duvessa closely misses you.
You hit Duvessa but do no damage.
You tail-slap Duvessa, but do no damage.
Duvessa is heavily wounded.
Duvessa hits you with a +0 short sword!
It was a potion of cancellation.
You feel magically purged. Duvessa hits you with a +0 short sword!
* * * LOW HITPOINT WARNING * * *
Duvessa closely misses you.
Blink to where?
Press: ? - help, Dir - move target
As you read the scroll of blinking, it crumbles to dust.
Duvessa rages.
You hear a shout! x2
An ufetubus comes into view.
Casting: Olgreb's Toxic Radiance (dangerous; 11% risk of failure)
Confirm with . or Enter, or press ? or * to list all spells.
You begin to radiate toxic energy.
The bat is poisoned.
Eustachio is poisoned.
The ufetubus shouts!
The ufetubus is poisoned.
You kill the bat!
The bat's corpse disappears in a puff of smoke!
You kill Eustachio!
Vehumet accepts your kill.
Your Polearms skill increases to level 6!
The ufetubus looks even sicker.
Your toxic aura wanes.
You kill the ufetubus!
Vehumet accepts your kill.
It was a potion of berserk rage.
A red film seems to cover your vision as you go berserk!
You feel yourself moving faster!
You feel mighty!
You have got your breath back.
Duvessa hits you with a +0 short sword!
* * * LOW HITPOINT WARNING * * *
Duvessa hits you with a +0 short sword!
You die...

##.#.###.####.......#
#..@#..e.##.....###.#
#..#..#..##.....# #.#
#..#.#.).##.....# #..
#...###..##.....# ###
#.##.#..###.....#
#.......##.......
####e#####.##.#. #@#
##.## ##...## #.....#
#.....###.#.
#...<.......
##...####.## #####


You could see Duvessa (berserk).

Vanquished Creatures
  Eustachio (D:5)
  Menkaure (D:4)
  2 sky beasts (D:5)
  2 ogres (D:5)
  2 phantoms
  2 scorpions
  A water moccasin zombie (D:3)
  Dowan (D:5)
  2 hounds
  A jelly (D:5)
  An iguana (D:4)
  3 orc wizards
  Terence (D:3)
  4 gnolls
  4 adders
  2 ufetubi
  An adder skeleton (D:4)
  A worm (D:3)
  2 dart slugs
  13 orcs
  9 bats
  4 endoplasms
  4 giant cockroaches
  4 goblins
  8 hobgoblins
  6 jackals
  3 kobolds
  4 ball pythons
  5 frilled lizards (D:2)
  5 rats
99 creatures vanquished.

Notes
Turn   | Place    | Note
-------+----------+-------------------------------------------
     0 | D:1      | hawla the Draconian Venom Mage began the quest for the Orb.
     0 | D:1      | Reached XP level 1. HP: 14/14 MP: 3/3
   290 | D:1      | Reached XP level 2. HP: 18/20 MP: 0/5
   293 | D:1      | Learned a level 2 spell: Poisonous Vapours
  1018 | D:2      | Found a hazy altar of Hepliaklqana.
  1049 | D:2      | Reached XP level 3. HP: 26/26 MP: 3/6
  1456 | D:2      | Found Coipn's Antique Weapon Shoppe.
  1682 | D:2      | Reached skill level 1 in Air Magic
  1839 | D:2      | Found a faded altar of an unknown god.
  1839 | D:2      | Noticed an orange demon
  2603 | D:3      | Reached XP level 4. HP: 33/33 MP: 3/8
  2622 | D:2      | Learned a level 4 spell: Olgreb's Toxic Radiance
  3107 | D:3      | Reached XP level 5. HP: 31/38 MP: 7/10
  3113 | D:3      | Noticed Terence
  3604 | D:3      | Killed Terence
  3983 | D:3      | Reached XP level 6. HP: 44/46 MP: 5/11
  4230 | D:3      | Identified the +3 dagger of Fate {speed, rN+ Will++ SInv}
  4487 | D:4      | Reached skill level 1 in Throwing
  4487 | D:4      | Reached skill level 5 in Poison Magic
  4575 | D:4      | Reached skill level 1 in Polearms
  4811 | D:4      | Reached skill level 1 in Fighting
  4922 | D:4      | Noticed Menkaure
  4930 | D:5      | Entered Level 5 of the Dungeon
  5392 | D:4      | Found a white marble altar of Elyvilon.
  5493 | D:4      | Your scales start taking on a golden yellow colour.
  5493 | D:4      | Reached XP level 7. HP: 52/52 MP: 13/13
  5493 | D:4      | Gained mutation: You are resistant to acid. (rCorr) [Yellow
                  | Draconian growth]
  5559 | D:4      | Killed Menkaure
  6313 | D:5      | Reached skill level 5 in Spellcasting
  6521 | D:5      | Reached XP level 8. HP: 61/61 MP: 8/15
  6576 | D:5      | Found a snail-covered altar of Cheibriados.
  6615 | D:5      | Found a staircase to the Ecumenical Temple.
  6711 | Temple   | Entered the Ecumenical Temple
  6938 | Temple   | Became a worshipper of Vehumet
  7074 | D:5      | Reached skill level 5 in Polearms
  7121 | D:5      | Noticed Dowan
  7122 | D:5      | Noticed Eustachio
  7122 | D:5      | Noticed Duvessa
  7131 | D:5      | Killed Dowan
  7164 | D:5      | Killed Eustachio
  7166 | D:5      | Slain by Duvessa

Illustrated notes

Levels and vault maps discovered:
D:1:      wander_arrival_peaceful_grave, layout_basic, minmay_misc_feat_chi
D:2:      layout_basic, dreamdust_ecumenical_altar_sealed_demon, serial_shops,
          nicolae_shop_statue_plus, basic_altar, grunt_ministairs_5
D:3:      layout_loops_cross, uniq_terence
D:4:      layout_loops_corners, elyvilon_altar_1, kennysheep_generic_room_2,
          uniq_menkaure
D:5:      layout_loops_cross, marbit_many_paths, trog_three_pillars_becter,
          minmay_temple_entry_grid, nicolae_figureground_sparkle,
          uniq_eustachio, uniq_duvessa
Temple:   minmay_temple_curvy_loop

Skill      XL: |  1  2  3  4  5  6  7  8 |
---------------+-------------------------+-----
Air Magic      | 1 |  1.0
Poison Magic   | 4 5 6 |  6.0
Dodging        | 2 |  2.6
Spellcasting   | 3 4 5 |  5.0
Stealth        | 2 |  2.2
Throwing       | 1 |  1.0
Polearms       | 1 4 6 |  6.0
Fighting       | 1 2 |  2.0
Transmutations | |  1.0

Action                   |  1- 3 |  4- 6 |  7- 9 || total
-------------------------+-------+-------+-------++-------
Melee: Unarmed           |    49 |    12 |       ||    61
       Tailslap          |     3 |    22 |     7 ||    32
       Punch             |     1 |       |     2 ||     3
       Trident           |       |   119 |    61 ||   180
Throw: Javelin           |       |     6 |       ||     6
 Cast: Sting             |    41 |    22 |    13 ||    76
       Poisonous Vapours |    30 |    18 |     7 ||    55
       Olgreb's Toxic Ra |       |     8 |     4 ||    12
 Abil: Breathe Acid      |       |       |     5 ||     5
  Use: Scroll            |     2 |     5 |     1 ||     8
       Potion            |       |     5 |     2 ||     7
 Stab: Sleeping          |       |     2 |     2 ||     4
Armor: Skin              |    25 |    83 |    26 ||   134
Dodge: Dodged            |    47 |    94 |    43 ||   184
